 Dungeon Crawl Stone Soup version 0.26-a0-812-g31a745ddcd (webtiles) character file.

Game seed: 2094868341416688343

1331 tsouns the Conjurer (level 8, 0/50 HPs)
             Began as an Octopode Conjurer on Dec 4, 2020.
             Slain by an orc warrior
             ... wielding a +0 glaive
              (23 damage)
             ... on level 7 of the Dungeon.
             The game lasted 00:20:00 (8258 turns).

tsouns the Conjurer (Octopode Conjurer)             Turns: 8258, Time: 00:20:01

Health: 0/50       AC:  1    Str:  7    XL:     8   Next: 60%
Magic:  4/15       EV: 13    Int: 22    God:
Gold:   443        SH:  4    Dex: 10    Spells: 3/17 levels left

rFire    . . .     SeeInvis .   b - +1 hand axe (vorpal)
rCold    . . .     Faith    .   o - +0 buckler
rNeg     . . .     Spirit   .   (helmet restricted)
rPois    +         Reflect  .   (no amulet)
rElec    .         Harm     .   i - ring of poison resistance
rCorr    .         Rampage  .   c - ring of stealth
MR       .....                  (no ring)
Stlth    +++++.....             (no ring)
HPRegen  0.16/turn              (no ring)
MPRegen  0.14/turn              (no ring)
                                (no ring)
                                (no ring)

@: no status effects
A: almost no armour, stealthy swim, amphibious, 8 rings, constrict 8, camouflage
1, gelatinous body 1
a: no special abilities


You were on level 7 of the Dungeon.
You visited 1 branch of the dungeon, and saw 7 of its levels.

You collected 443 gold pieces.

Inventory:

Hand Weapons
 b - a +1 vorpal hand axe (weapon)
Missiles
 a - 4 boomerangs (quivered)
 n - 31 poisoned darts
 s - a throwing net
 u - 8 atropa-tipped darts
Armour
 o - a +0 buckler (worn)
Jewellery
 c - a ring of stealth (right tentacle)
 i - a ring of poison resistance (left tentacle)
 y - an uncursed amulet of regeneration {unknown}
Wands
 e - a wand of acid (15)
 l - a wand of flame (14)
 w - a wand of polymorph (12)
Scrolls
 g - 2 scrolls of fog
 h - 7 scrolls of remove curse
 m - 2 scrolls of fear
 p - 5 scrolls of identify
 t - 2 scrolls of enchant armour {unknown}
 v - a scroll of immolation {unknown}
 x - 3 scrolls of teleportation
Potions
 d - 6 potions of curing
 f - 3 potions of might
 j - a potion of haste
 k - a potion of mutation
 q - a potion of flight
 r - a potion of heal wounds {unknown}


   Skills:
 + Level 2.1 Fighting
 + Level 2.1 Axes
 - Level 2.0 Dodging
 - Level 4.7 Stealth
 - Level 4.0 Shields
 + Level 5.1 Spellcasting
 + Level 6.6 Conjurations
 - Level 3.0 Translocations


You had 3 spell levels left.
You knew the following spells:

 Your Spells              Type           Power        Failure   Level
a - Magic Dart            Conj           ####         1%          1
b - Searing Ray           Conj           ####..       1%          2
c - Dazzling Flash        Conj/Hex       ###...       8%          3
d - Iskenderun's Mystic   Conj/Tloc      ####....     14%         4
e - Fulminant Prism       Conj/Hex       ###.......   26%         4

Your spell library contained the following spells:

 Spells                   Type           Power        Failure   Level


Dungeon Overview and Level Annotations

Branches:
Dungeon (7/15)
 Temple: D:4-7

Altars:
Hepliaklqana
Trog
Xom
Yredelemnul
Zin

Annotations:
D:3 2 transporters


Innate Abilities, Weirdness & Mutations

You cannot wear most types of armour.
You are very stealthy in the water. (Stealth+)
You are amphibious.
You can wear up to eight rings at the same time.
You can use your tentacles to constrict eight enemies at once.
Your skin changes colour to match your surroundings (Stealth+).
Your rubbery body absorbs attacks. (AC +1, EV +1)


Message History

The orc warrior is moderately wounded.
The orc warrior hits you from afar with a +0 glaive!
The searing ray hits the orc warrior but does no damage.
The orc warrior is moderately wounded.
You finish channeling your searing ray.
The orc warrior misses you.
Casting: Searing Ray (safe; 1% risk of failure)
Confirm with . or Enter, or press ? or * to list all spells.
Aiming: Searing Ray (safe; 1% risk of failure)
Press: ? - help, Shift-Dir - straight line, f/p - orc warrior
Aim: an orc warrior, wielding a +0 glaive and wearing a +0 chain mail (moderately wounded)
The searing ray hits the orc warrior!
The orc warrior is heavily wounded. (Press . to maintain the ray.)
The searing ray hits the orc warrior.
The orc warrior is severely wounded.
The orc warrior misses you.
The searing ray hits the orc warrior!
The orc warrior is almost dead.
The orc warrior hits you from afar with a +0 glaive!!
You die...

###o#####.......#######
#.....................#
#.#.#####.......#####.#
#.#.# #.......# #.# #>#.#
#.......# #.# #####
#.#.#####.......# #.####
..^.# #.#.##......#####
#.#... ....# #.#.##......#
#.#... ....####.#....o.@<.#
#.#... .....o...#.........#
#.#... ....######.........#
##.#†.. .###)#.....##......#
#...... .>.†...............#
#...... ....<......#.#######
#....## ..o##......#..#
########....## ...
......##.######.....##......
...
....................''...>..


You could see an orc warrior.

Vanquished Creatures
  Menkaure (D:7)
  An orc warrior (D:6)
  2 sky beasts
  An ogre (D:5)
  A phantom (D:4)
  A bullfrog (D:6)
  A gnoll sergeant (D:5)
  A howler monkey (D:4)
  2 jellies
  A centaur zombie (D:6)
  A hound (D:4)
  2 orc priests
  Crazy Yiuf (D:5)
  A worker ant (D:5)
  An orc wizard (D:7)
  A worker ant zombie (D:5)
  11 adders
  4 gnolls (D:5)
  A shadow imp (D:5)
  An ufetubus (D:6)
  2 adder zombies
  2 oozes
  An adder skeleton (D:4)
  A worm (D:3)
  3 dart slugs
  9 leopard geckos
  12 orcs
  A ball python (D:1)
  12 bats
  9 giant cockroaches
  10 goblins
  10 hobgoblins
  6 jackals
  2 quokkas
  3 frilled lizards
  12 kobolds
  A leopard gecko skeleton (D:6)
  9 rats
141 creatures vanquished.

Vanquished Creatures (others)
  3 withered plants (D:7)
3 creatures vanquished.

Grand Total: 144 creatures vanquished

Notes
Turn   | Place    | Note
-------+----------+-------------------------------------------
     0 | D:1      | tsouns the Octopode Conjurer began the quest for the Orb.
     0 | D:1      | Reached XP level 1. HP: 11/11 MP: 3/3
   253 | D:1      | Reached XP level 2. HP: 10/17 MP: 0/5
   302 | D:1      | Learned a level 2 spell: Searing Ray
   773 | D:1      | Reached XP level 3. HP: 21/21 MP: 3/6
  1589 | D:2      | Reached XP level 4. HP: 27/27 MP: 1/8
  1595 | D:2      | Learned a level 3 spell: Dazzling Flash
  2620 | D:3      | Reached XP level 5. HP: 30/31 MP: 5/9
  3390 | D:3      | Found a transporter.
  3406 | D:3      | Found a transporter.
  3566 | D:4      | Reached skill level 1 in Axes
  3610 | D:4      | Reached skill level 1 in Shields
  3610 | D:4      | Reached skill level 5 in Conjurations
  3786 | D:4      | Reached XP level 6. HP: 37/37 MP: 7/11
  3867 | D:4      | Noticed a phantom
  3887 | D:4      | Killed a phantom
  4366 | D:4      | Found a shimmering altar of Xom.
  4515 | D:5      | Entered Level 5 of the Dungeon
  4530 | D:5      | Learned a level 4 spell: Iskenderun's Mystic Blast
  4593 | D:5      | Reached XP level 7. HP: 42/42 MP: 7/12
  4721 | D:5      | Reached skill level 1 in Translocations
  4960 | D:5      | Found a runed translucent door.
  4961 | D:5      | Noticed Crazy Yiuf
  6176 | D:5      | Killed Crazy Yiuf
  6517 | D:6      | Reached skill level 6 in Conjurations
  6517 | D:6      | Reached XP level 8. HP: 47/47 MP: 11/14
  6944 | D:6      | Found a bloodstained altar of Trog.
  6982 | D:6      | Found a glowing silver altar of Zin.
  7366 | D:6      | Learned a level 4 spell: Fulminant Prism
  7500 | D:6      | Found a hazy altar of Hepliaklqana.
  7737 | D:7      | Noticed Menkaure
  7756 | D:7      | Killed Menkaure
  7756 | D:7      | Reached skill level 1 in Fighting
  7921 | D:7      | Found a basalt altar of Yredelemnul.
  7927 | D:7      | Reached skill level 5 in Spellcasting
  8258 | D:7      | Slain by an orc warrior

Illustrated notes

Levels and vault maps discovered:
D:1:      elethiomel_arrival_quiet, layout_loops_ring
D:2:      layout_basic
D:3:      gammafunk_wand_slinger, layout_basic, minmay_vboxes
D:4:      layout_loops_ring, chequers_jeans, tgw_xom
D:5:      layout_loops_corners, nicolae_overflow_hidden_temple,
          uniq_crazy_yiuf_cottage
D:6:      cheibrodos_iron_armory, layout_loops_corners,
          chequers_temple_overflow_statue_of_worship, kennysheep_mini
D:7:      layout_basic, minmay_temple_entry_tees, yredelemnul_altar_generic,
          uniq_menkaure, uniq_duvessa, uniq_joseph

Skill      XL: |  1  2  3  4  5  6  7  8 |
---------------+-------------------------+-----
Stealth        | 3 4 |  4.7
Spellcasting   | 3 4 5 |  5.1
Axes           | 1 2 |  2.1
Shields        | 1 3 4 |  4.0
Conjurations   | 5 6 |  6.6
Translocations | 2 3 |  3.0
Fighting       | 2 |  2.1
Dodging        | |  2.0

Action                   |  1- 3 |  4- 6 |  7- 9 || total
-------------------------+-------+-------+-------++-------
Melee: Unarmed           |     8 |       |       ||     8
       Constrict         |     4 |     1 |     3 ||     8
       Tentacles         |     1 |     1 |     1 ||     3
       Hand axe          |    14 |     6 |    14 ||    34
 Cast: Magic Dart        |    74 |   112 |    61 ||   247
       Searing Ray       |       |    12 |    28 ||    40
       Dazzling Flash    |       |       |     4 ||     4
       Iskenderun's Myst |       |       |     1 ||     1
  Use: Scroll            |       |    12 |       ||    12
 Stab: Sleeping          |       |     1 |       ||     1
       Invisible         |       |       |     1 ||     1
Armor: Skin              |     6 |     1 |     4 ||    11
Dodge: Dodged            |    38 |    15 |    30 ||    83
Block: Buckler           |       |     1 |    12 ||    13

Table legend: (Time is in decaauts)
 A = Elapsed time spent in this place.
 B = Non-inter-level travel time spent in this place.
 C = Inter-level travel time spent in this place.
 D = Time resting spent in this place.
 E = Time spent auto-exploring this place.
 F = Levels seen in this place.
 G = Mean time per level.
                   A        B        C        D        E       F      G
               +--------+--------+--------+--------+--------+-----+--------+
         Total |   8268 |   7981 |    287 |   1048 |   5956 |   7 | 1181.1 |
       Dungeon |   8268 |   7981 |    287 |   1048 |   5956 |   7 | 1181.1 |
               +--------+--------+--------+--------+--------+-----+--------+

Top non-repeatable levels by time:
     D:5: 1631 daAuts
     D:6: 1593 daAuts
     D:1: 1553 daAuts
     D:3: 1201 daAuts
     D:4: 1127 daAuts
     D:2: 812 daAuts
     D:7: 348 daAuts
